TOP OF THE 1ST |
Cincinnati Pride batting - Pitching for Plumstead Eagles : RHP Jack Bass
|
Pitching: RHP Jack Bass
|
|
Batting: LHB Kevin Hatcher
|
0-0: Swinging Strike 0-1: Ball 1-1: Called Strike 1-2: SINGLE (Flyball, 5D)
|
Batting: RHB Dudley Helms
|
0-0: Ball 1-0: Called Strike 1-1: Swinging Strike 1-2: Ball 2-2: Strikes out looking
|
Batting: LHB Pablo Garza
|
0-0: Foul Ball, location: 2F 0-1: Foul Ball, location: 2F 0-2: Ball 1-2: SINGLE (Groundball, 34D) Kevin Hatcher to second Runner from 2nd tries for 3rd, SAFE, no throw
|
Batting: LHB Terry Barton
|
0-0: SINGLE (Groundball, 4MD) Kevin Hatcher scores Pablo Garza to second Runner from 2nd tries for 3rd, SAFE, no throw
|
Batting: LHB Juan Ortíz
|
0-0: Swinging Strike 0-1: Ball 1-1: Swinging Strike 1-2: Hit by Pitch Terry Barton to second
|
Pinch Runner at 1st Jorge Maldonado:
|
|
Batting: RHB Travis Jackson
|
0-0: Ground out U3 (Groundball, 23) Pablo Garza scores Terry Barton to third Jorge Maldonado to second
|
Batting: LHB Bill Turner
|
0-0: Ball 1-0: SINGLE (Groundball, 34D) Terry Barton scores Jorge Maldonado to third Runner from 3rd tries for Home, SAFE, throw made home
|
Batting: RHB Ed Hines
|
0-0: Called Strike 0-1: Ball 1-1: Called Strike 1-2: Ball 2-2: Foul Ball, location: 2F 2-2: Foul Ball, location: 2F 2-2: Strikes out swinging
|
Top of the 1st over - 4 runs, 4 hits, 0 errors, 1 left on base; Cincinnati 4 - Plumstead 0 |
BOTTOM OF THE 1ST |
Plumstead Eagles batting - Pitching for Cincinnati Pride : RHP Lyle Scalise
|
Pitching: RHP Lyle Scalise
|
|
Now in LF: Jorge Maldonado
|
|
Batting: RHB Wayne Workman
|
0-0: Ball 1-0: Ball 2-0: Called Strike 2-1: SOLO HOME RUN (Flyball, 7LD), Distance : 359 ft
|
Batting: LHB António Álvarez
|
0-0: Foul Ball, location: 2F 0-1: Ball 1-1: Foul Ball, location: 2F 1-2: Ball 2-2: Strikes out swinging
|
Batting: LHB Conan Bush
|
0-0: Fly out, F3 (Line Drive, 3)
|
Batting: LHB Jerry Tolbert
|
0-0: Ball 1-0: Called Strike 1-1: Foul Ball, location: 2F 1-2: Strikes out swinging
|
Bottom of the 1st over - 1 run, 1 hit, 0 errors, 0 left on base; Cincinnati 4 - Plumstead 1 |
TOP OF THE 2ND |
Cincinnati Pride batting - Pitching for Plumstead Eagles : RHP Jack Bass
|
Batting: LHB Gene Cherry
|
0-0: Ball 1-0: Swinging Strike 1-1: Swinging Strike 1-2: Foul Ball, location: 2F 1-2: Ball 2-2: Foul Ball, location: 2F 2-2: Ball 3-2: Ground out 4-3 (Groundball, 4)
|
Batting: LHB Kevin Hatcher
|
0-0: Ball 1-0: SINGLE (Groundball, 6MD)
|
Batting: RHB Dudley Helms
|
0-0: Ball 1-0: Called Strike 1-1: Foul Ball, location: 2F 1-2: SINGLE (Line Drive, 4MD) Kevin Hatcher to second
|
Batting: LHB Pablo Garza
|
0-0: Called Strike 0-1: Ball 1-1: Ball 2-1: Foul Ball, location: 2F 2-2: Ball 3-2: Fly out, F7 (Flyball, 78D)
|
Batting: LHB Terry Barton
|
0-0: Ball 1-0: Called Strike 1-1: Swinging Strike 1-2: Ball 2-2: Ball 3-2: Foul Ball, location: 2F 3-2: Strikes out swinging
|
Top of the 2nd over - 0 runs, 2 hits, 0 errors, 2 left on base; Cincinnati 4 - Plumstead 1 |
BOTTOM OF THE 2ND |
Plumstead Eagles batting - Pitching for Cincinnati Pride : RHP Lyle Scalise
|
Batting: LHB Miguel Gamboa
|
0-0: Called Strike 0-1: Ball 1-1: SINGLE (Flyball, 78S)
|
Batting: LHB Joe Rutherford
|
0-0: Fly out, F9 (Flyball, 9LSF)
|
Batting: LHB José Marín
|
0-0: Called Strike 0-1: Ball 1-1: Swinging Strike 1-2: Strikes out swinging
|
Batting: LHB Roberto Alba
|
0-0: SINGLE (Line Drive, 56D) Miguel Gamboa to second
|
Batting: RHB José Acuña
|
0-0: Called Strike 0-1: Ground out U3 (Groundball, 34)
|
Bottom of the 2nd over - 0 runs, 2 hits, 0 errors, 2 left on base; Cincinnati 4 - Plumstead 1 |
TOP OF THE 3RD |
Cincinnati Pride batting - Pitching for Plumstead Eagles : RHP Jack Bass
|
Batting: SHB Jorge Maldonado
|
0-0: Called Strike 0-1: Called Strike 0-2: Ball 1-2: Ball 2-2: Fly out, F6 (Line Drive, 6MD)
|
Batting: RHB Travis Jackson
|
0-0: Ball 1-0: Ground out 6-3 (Groundball, 6)
|
Batting: LHB Bill Turner
|
0-0: Ball 1-0: Ball 2-0: Foul Ball, location: 2F 2-1: Ball 3-1: Fly out, F7 (Flyball, 7LM)
|
Top of the 3rd over - 0 runs, 0 hits, 0 errors, 0 left on base; Cincinnati 4 - Plumstead 1 |
BOTTOM OF THE 3RD |
Plumstead Eagles batting - Pitching for Cincinnati Pride : RHP Lyle Scalise
|
Batting: RHB Wayne Workman
|
0-0: Foul Ball, location: 2F 0-1: Swinging Strike 0-2: Strikes out swinging
|
Batting: LHB António Álvarez
|
0-0: Ball 1-0: Called Strike 1-1: Ball 2-1: Ball 3-1: Called Strike 3-2: Strikes out swinging, 2-3 out at first.
|
Batting: LHB Conan Bush
|
0-0: Foul Ball, location: 2F 0-1: SINGLE (Groundball, 4D)
|
Batting: LHB Jerry Tolbert
|
0-0: Called Strike 0-1: Swinging Strike 0-2: Foul Ball, location: 2F 0-2: Ball 1-2: Ball 2-2: Foul Ball, location: 2F 2-2: Ball 3-2: Foul Ball, location: 2F 3-2: Foul Ball, location: 2F 3-2: Foul Ball, location: 2F 3-2: Ground out 6-3 (Groundball, 6M)
|
Bottom of the 3rd over - 0 runs, 1 hit, 0 errors, 1 left on base; Cincinnati 4 - Plumstead 1 |
TOP OF THE 4TH |
Cincinnati Pride batting - Pitching for Plumstead Eagles : RHP Jack Bass
|
Batting: RHB Ed Hines
|
0-0: Fly out, F7 (Line Drive, 78D)
|
Batting: LHB Gene Cherry
|
0-0: Ball 1-0: Ground out 5-3 (Groundball, 56)
|
Batting: LHB Kevin Hatcher
|
0-0: Foul Ball, location: 2F 0-1: Ground out 4-3 (Groundball, 4)
|
Top of the 4th over - 0 runs, 0 hits, 0 errors, 0 left on base; Cincinnati 4 - Plumstead 1 |
BOTTOM OF THE 4TH |
Plumstead Eagles batting - Pitching for Cincinnati Pride : RHP Lyle Scalise
|
Batting: LHB Miguel Gamboa
|
0-0: Called Strike 0-1: Ball 1-1: Ball 2-1: Hit by Pitch
|
Pinch Runner at 1st Bill McHone:
|
|
Batting: LHB Joe Rutherford
|
0-0: Fly out, F8 (Line Drive, 8LM)
|
Batting: LHB José Marín
|
0-0: Ball 1-0: Ball 2-0: Ball 3-0: Base on Balls Bill McHone to second
|
Batting: LHB Roberto Alba
|
0-0: Foul Ball, location: 2F 0-1: Ball 1-1: Foul Ball, location: 2F 1-2: Ball 2-2: Hit by Pitch Bill McHone to third José Marín to second
|
Batting: RHB José Acuña
|
0-0: Ball 1-0: Swinging Strike 1-1: Foul Ball, location: 2F 1-2: Foul Ball, location: 2F 1-2: Ball 2-2: Grounds into fielders choice 1-2 (Groundball, 15S) José Marín to third Roberto Alba to second
|
Batting: RHB Wayne Workman
|
0-0: Ball 1-0: Ground out 5-3 (Groundball, 56S)
|
Bottom of the 4th over - 0 runs, 0 hits, 0 errors, 3 left on base; Cincinnati 4 - Plumstead 1 |
TOP OF THE 5TH |
Cincinnati Pride batting - Pitching for Plumstead Eagles : RHP Jack Bass
|
Now at 1B: Bill McHone
|
|
Batting: RHB Dudley Helms
|
0-0: Called Strike 0-1: Called Strike 0-2: Strikes out swinging
|
Batting: LHB Pablo Garza
|
0-0: Ball 1-0: Swinging Strike 1-1: Ball 2-1: Ball 3-1: Swinging Strike 3-2: Foul Ball, location: 2F 3-2: Strikes out looking
|
Batting: LHB Terry Barton
|
0-0: Called Strike 0-1: Swinging Strike 0-2: Strikes out swinging
|
Top of the 5th over - 0 runs, 0 hits, 0 errors, 0 left on base; Cincinnati 4 - Plumstead 1 |
BOTTOM OF THE 5TH |
Plumstead Eagles batting - Pitching for Cincinnati Pride : RHP Lyle Scalise
|
Batting: LHB António Álvarez
|
0-0: Fly out, F5 (Line Drive, 56)
|
Batting: LHB Conan Bush
|
0-0: Ball 1-0: Called Strike 1-1: Ball 2-1: Ball 3-1: Called Strike 3-2: Foul Ball, location: 2F 3-2: Fly out, F8 (Flyball, 8LXD)
|
Batting: LHB Jerry Tolbert
|
0-0: Ball 1-0: Fly out, F7 (Flyball, 7S)
|
Bottom of the 5th over - 0 runs, 0 hits, 0 errors, 0 left on base; Cincinnati 4 - Plumstead 1 |
TOP OF THE 6TH |
Cincinnati Pride batting - Pitching for Plumstead Eagles : RHP Jack Bass
|
Batting: SHB Jorge Maldonado
|
0-0: SINGLE (Line Drive, 56)
|
Batting: RHB Travis Jackson
|
0-0: Ball 1-0: Foul Ball, location: 2F 1-1: Ball 2-1: Foul Ball, location: 2F 2-2: Foul Ball, location: 2F 2-2: Fly out, F7 (Flyball, 78S)
|
Batting: LHB Bill Turner
|
0-0: Ball 1-0: DOUBLE (Line Drive, 7D) Jorge Maldonado to third Runner from 3rd tries for Home, SAFE, no throw
|
Batting: RHB Ed Hines
|
0-0: SINGLE (Groundball, 6M) (infield hit) Bill Turner to third
|
Batting: LHB Gene Cherry
|
0-0: Ball Ed Hines steals 2nd base 1-0: Swinging Strike 1-1: Swinging Strike 1-2: Ball 2-2: Reached on error, E1 (Groundball, 15S) Bill Turner scores Ed Hines to third
|
Pitching: RHP Tim Whitacre
|
|
Batting: LHB Kevin Hatcher
|
0-0: Ball 1-0: Ball 2-0: Ball 3-0: Called Strike 3-1: DOUBLE (Line Drive, 7D) Ed Hines scores Gene Cherry to third Runner from 3rd tries for Home, SAFE, no throw
|
Batting: RHB Dudley Helms
|
0-0: Swinging Strike 0-1: Ball 1-1: Foul Ball, location: 2F 1-2: Foul Ball, location: 2F 1-2: Foul Ball, location: 2F 1-2: Foul Ball, location: 2F 1-2: Ground out 6-3 (Groundball, 6)
|
Batting: LHB Pablo Garza
|
0-0: Swinging Strike 0-1: SINGLE (Flyball, 7LM) Kevin Hatcher to third Throwing error, E7 Kevin Hatcher scores Pablo Garza to second
|
Batting: LHB Terry Barton
|
0-0: Called Strike 0-1: Fly out, F7 (Line Drive, 7)
|
Top of the 6th over - 5 runs, 5 hits, 2 errors, 1 left on base; Cincinnati 9 - Plumstead 1 |
BOTTOM OF THE 6TH |
Plumstead Eagles batting - Pitching for Cincinnati Pride : RHP Lyle Scalise
|
Batting: LHB Bill McHone
|
0-0: Foul Ball, location: 2F 0-1: Ball 1-1: Swinging Strike 1-2: Strikes out swinging
|
Batting: LHB Joe Rutherford
|
0-0: Foul Ball, location: 2F 0-1: Called Strike 0-2: Strikes out looking
|
Batting: LHB José Marín
|
0-0: Ball 1-0: Foul Ball, location: 2F 1-1: Foul Ball, location: 2F 1-2: Strikes out looking
|
Bottom of the 6th over - 0 runs, 0 hits, 0 errors, 0 left on base; Cincinnati 9 - Plumstead 1 |
TOP OF THE 7TH |
Cincinnati Pride batting - Pitching for Plumstead Eagles : RHP Tim Whitacre
|
Batting: SHB Jorge Maldonado
|
0-0: Called Strike 0-1: Ball 1-1: Called Strike 1-2: Foul Ball, location: 2F 1-2: Ball 2-2: Ball 3-2: Strikes out looking
|
Batting: RHB Travis Jackson
|
0-0: Ball 1-0: Ground out U3 (Groundball, 34)
|
Batting: LHB Bill Turner
|
0-0: Ball 1-0: Ball 2-0: Ball 3-0: Called Strike 3-1: Base on Balls
|
Batting: RHB Ed Hines
|
0-0: Foul Ball, location: 2F 0-1: Ball 1-1: SINGLE (Flyball, 89S) Bill Turner to second Runner from 2nd tries for 3rd, SAFE, no throw
|
Batting: LHB Gene Cherry
|
0-0: Called Strike 0-1: SINGLE (Groundball, 4D) Bill Turner scores Ed Hines to second Runner from 2nd tries for 3rd, SAFE, no throw
|
Batting: LHB Kevin Hatcher
|
0-0: Called Strike 0-1: Ball 1-1: Ball 2-1: SINGLE (Groundball, 4MD) Ed Hines scores Gene Cherry to second
|
Batting: RHB Dudley Helms
|
0-0: Fielders Choice at 2nd, 6-4 (Groundball, 6)
|
Top of the 7th over - 2 runs, 3 hits, 0 errors, 2 left on base; Cincinnati 11 - Plumstead 1 |
BOTTOM OF THE 7TH |
Plumstead Eagles batting - Pitching for Cincinnati Pride : RHP Lyle Scalise
|
Batting: LHB Roberto Alba
|
0-0: Ball 1-0: Called Strike 1-1: SINGLE (Groundball, 34D)
|
Batting: RHB José Acuña
|
0-0: Ball 1-0: Ball 2-0: Called Strike 2-1: Called Strike 2-2: Fly out, F8 (Flyball, 8RS)
|
Batting: RHB Wayne Workman
|
0-0: Swinging Strike 0-1: Foul Ball, location: 2F 0-2: Foul Ball, location: 2F 0-2: Strikes out swinging
|
Batting: LHB António Álvarez
|
0-0: Ball 1-0: Ground out 5-3 (Groundball, 56S)
|
Bottom of the 7th over - 0 runs, 1 hit, 0 errors, 1 left on base; Cincinnati 11 - Plumstead 1 |
TOP OF THE 8TH |
Cincinnati Pride batting - Pitching for Plumstead Eagles : RHP Tim Whitacre
|
Batting: LHB Pablo Garza
|
0-0: SINGLE (Groundball, 56) (infield hit)
|
Batting: LHB Terry Barton
|
0-0: Ball 1-0: Swinging Strike 1-1: Ball 2-1: DOUBLE (Line Drive, 89D) Pablo Garza to third
|
Batting: SHB Jorge Maldonado
|
0-0: Ball 1-0: Ground out 4-3 (Groundball, 34D) Pablo Garza scores Terry Barton to third
|
Batting: RHB Travis Jackson
|
0-0: Ball Balk! Terry Barton scores 1-0: Foul Ball, location: 2F 1-1: Ball 2-1: Ball 3-1: DOUBLE (Line Drive, 7LM)
|
Batting: LHB Bill Turner
|
0-0: Called Strike 0-1: TRIPLE (Line Drive, 8RXD) Travis Jackson scores
|
Batting: RHB Ed Hines
|
0-0: Foul Ball, location: 2F 0-1: Swinging Strike 0-2: Ball 1-2: Ball 2-2: Ball 3-2: Foul Ball, location: 2F 3-2: Strikes out swinging
|
Batting: LHB Gene Cherry
|
0-0: Called Strike 0-1: Called Strike 0-2: SINGLE (Line Drive, 34) Bill Turner scores
|
Batting: LHB Kevin Hatcher
|
0-0: Called Strike 0-1: Swinging Strike 0-2: Foul Ball, location: 2F 0-2: Ball 1-2: Ball 2-2: SINGLE (Groundball, 34D) Gene Cherry to second Runner from 2nd tries for 3rd, SAFE, throw made to third
|
Batting: RHB Dudley Helms
|
0-0: Hit by Pitch Kevin Hatcher to second
|
Batting: LHB Pablo Garza
|
0-0: Ball 1-0: Ball 2-0: Called Strike 2-1: Foul Ball, location: 2F 2-2: Ball 3-2: Base on Balls Gene Cherry scores Kevin Hatcher to third Dudley Helms to second
|
Batting: LHB Terry Barton
|
0-0: Fielders Choice at 2nd, 5-4 (Groundball, 56)
|
Top of the 8th over - 5 runs, 6 hits, 0 errors, 3 left on base; Cincinnati 16 - Plumstead 1 |
BOTTOM OF THE 8TH |
Plumstead Eagles batting - Pitching for Cincinnati Pride : RHP Lyle Scalise
|
Now at 1B: Steve Davenport
|
|
Batting: LHB Conan Bush
|
0-0: Called Strike 0-1: Ground out 4-3 (Groundball, 4)
|
Batting: LHB Jerry Tolbert
|
0-0: Called Strike 0-1: Ball 1-1: Foul Ball, location: 2F 1-2: Strikes out swinging
|
Batting: LHB Bill McHone
|
0-0: Called Strike 0-1: Ball 1-1: Swinging Strike 1-2: Ball 2-2: Strikes out swinging
|
Bottom of the 8th over - 0 runs, 0 hits, 0 errors, 0 left on base; Cincinnati 16 - Plumstead 1 |
TOP OF THE 9TH |
Cincinnati Pride batting - Pitching for Plumstead Eagles : RHP Tim Whitacre
|
Pitching: RHP Sean Vázquez
|
|
Batting: SHB Jorge Maldonado
|
0-0: Called Strike 0-1: Ball 1-1: Foul Ball, location: 2F 1-2: DOUBLE (Flyball, 89D)
|
Batting: RHB Travis Jackson
|
0-0: Ball 1-0: Ball 2-0: Called Strike 2-1: Foul Ball, location: 2F 2-2: Ground out 5-3 (Groundball, 5S) Jorge Maldonado to third
|
Batting: LHB Bill Turner
|
0-0: Foul Ball, location: 2F 0-1: Swinging Strike 0-2: Ball 1-2: Foul Ball, location: 2F 1-2: Ball 2-2: Strikes out swinging
|
Batting: RHB Ed Hines
|
0-0: Ball 1-0: Ball 2-0: Called Strike 2-1: Ball 3-1: Foul Ball, location: 2F 3-2: Foul Ball, location: 2F 3-2: Foul Ball, location: 2F 3-2: Strikes out looking
|
Top of the 9th over - 0 runs, 1 hit, 0 errors, 1 left on base; Cincinnati 16 - Plumstead 1 |
BOTTOM OF THE 9TH |
Plumstead Eagles batting - Pitching for Cincinnati Pride : RHP Lyle Scalise
|
Now in LF: Raúl Gómez
|
|
Batting: LHB Joe Rutherford
|
0-0: Ball 1-0: Ball 2-0: Ball 3-0: Called Strike 3-1: Foul Ball, location: 2F 3-2: Foul Ball, location: 2F 3-2: SINGLE (Line Drive, 6MD)
|
Pitching: RHP Héctor Fabián
|
|
Batting: LHB José Marín
|
0-0: Ball 1-0: Foul Ball, location: 2F 1-1: Swinging Strike 1-2: Hit by Pitch Joe Rutherford to second
|
Batting: LHB Roberto Alba
|
0-0: Ball 1-0: Ball 2-0: Ball 3-0: Base on Balls Joe Rutherford to third José Marín to second
|
Batting: RHB José Acuña
|
0-0: Called Strike 0-1: Called Strike 0-2: Ball 1-2: Ball 2-2: Ground out 4-3 (Groundball, 4S) Joe Rutherford scores José Marín to third Roberto Alba to second
|
Batting: RHB Wayne Workman
|
0-0: Ball 1-0: Ball 2-0: Called Strike 2-1: Swinging Strike 2-2: Foul Ball, location: 2F 2-2: Ground out 6-3 (Groundball, 6) José Marín scores
|
Batting: LHB António Álvarez
|
0-0: Called Strike 0-1: Ground out 6-3 (Groundball, 6)
|
Bottom of the 9th over - 2 runs, 1 hit, 0 errors, 1 left on base; Cincinnati 16 - Plumstead 3 |
|